 Dungeon Crawl Stone Soup version 0.28-a0-1447-ga5a8893891 (webtiles) character file.

Game seed: 11493568459419786157

294624 shoop the Stormcaller (level 21, -5/134 HPs)
             Began as a Tengu Air Elementalist on Jan 10, 2022.
             Was the Champion of Vehumet.
             Killed from afar by an ironbound frostheart (23 damage)
             ... by creeping frost
             ... on level 3 of the Vaults on Jan 21, 2022.
             The game lasted 03:57:09 (65154 turns).

shoop the Stormcaller (Tengu Air Elementalist)     Turns: 65154, Time: 03:57:09

Health: -5/134     AC:  6    Str: 14      XL:     21   Next: 24%
Magic:  0/50       EV: 24    Int: 36 (41) God:    Vehumet [******]
Gold:   3129       SH:  0    Dex: 12      Spells: 4/50 levels left

rFire   . . .      SeeInvis .   O - staff of conjuration
rCold   + . .      Faith    .   f - orb {*channel}
rNeg    . . .      Spirit   +   Q - +1 robe "Fuinn" {*Slow Will+ MP+9 Slay+6}
rPois   .          Reflect  .   M - +2 hat of the Pure Demons {rC+ Str+3 Int+4}
rElec   +          Harm     +   n - scarf {repulsion}
rCorr   .          Rampage  .   o - +0 pair of gloves
Will    +++..                   (boots unavailable)
Stlth   +++.......              R - amulet "Zaoss" {Spirit Harm rElec Will+ Dex-2}
HPRegen 0.32/turn               p - +6 ring of intelligence
MPRegen 0.32/turn               i - +6 ring of intelligence

@: flying quickly and evasively, studying 2 skills, repel missiles, quick
A: beak, talons 3, nimble flight
}: 1/15 runes: gossamer
a: Renounce Religion


You were on level 3 of the Vaults.
You worshipped Vehumet.
Vehumet was exalted by your worship.
You visited 7 branches of the dungeon, and saw 37 of its levels.
You visited 1 bazaar.
You also visited: Ossuary and Gauntlet.

You collected 5236 gold pieces.
You spent 2107 gold pieces at shops.

Inventory:

Armour
 f - an orb of energy (worn)
 n - a scarf of repulsion (worn)
 o - a +0 pair of gloves (worn)
 M - the +2 hat of the Pure Demons (worn) {rC+ Str+3 Int+4}
   (You found it in a Gauntlet)

   Str:       It affects your strength (+3).
   Int:       It affects your intelligence (+4).
   rC:        It protects you from cold.
 Q - the +1 robe "Fuinn" (worn) {*Slow Will+ MP+9 Slay+6}
   (You found it on level 8 of the Dungeon)

   Slay:      It affects your accuracy & damage with ranged weapons and melee
   (+6).
   MP:        It affects your magic capacity (+9).
   *Slow:     It may slow you when you take damage.
   Will:      It increases your willpower.
Magical Staves
 O - a staff of conjuration (weapon)
Jewellery
 c - a ring of resist corrosion
 g - a ring of protection from cold
 i - a +6 ring of intelligence (right hand)
 k - a ring of positive energy
 p - a +6 ring of intelligence (left hand)
 x - a ring of poison resistance
 R - the amulet "Zaoss" (around neck) {Spirit Harm rElec Will+ Dex-2}
   (You found it on level 11 of the Dungeon)

   [amulet of guardian spirit]

   It causes incoming damage to be divided between your reserves of health and
   magic.
   Dex:       It affects your dexterity (-2).
   rElec:     It insulates you from electricity.
   Harm:      It increases damage dealt and taken.
   Will:      It increases your willpower.
 U - a ring of protection from fire
Wands
 a - a wand of paralysis (19)
 C - a wand of mindburst (11)
 E - a wand of charming (5)
 G - a wand of iceblast (32)
 J - a wand of acid (25)
 X - a wand of polymorph (16)
 Z - a wand of digging (12)
Scrolls
 b - 14 scrolls of teleportation
 l - 4 scrolls of blinking
 m - 5 scrolls of magic mapping
 r - a scroll of acquirement
 u - 7 scrolls of fog
 v - 5 scrolls of fear
 y - 8 scrolls of vulnerability
 B - 5 scrolls of amnesia
 D - a scroll of silence
 S - 2 scrolls of enchant armour
 V - 2 scrolls of summoning
 W - 2 scrolls of holy word
Potions
 e - 6 potions of mutation
 h - 11 potions of haste
 q - 6 potions of might
 s - 3 potions of brilliance
 t - 11 potions of curing
 w - 5 potions of berserk rage
 z - 4 potions of heal wounds
 A - 9 potions of lignification
 F - a potion of resistance
 H - 3 potions of magic
 N - 4 potions of ambrosia
 P - 2 potions of invisibility
Miscellaneous
 d - a tin of tremorstones (2/2)
 j - a phial of floods
 I - a box of beasts
 K - a phantom mirror
 Y - a condenser vane


   Skills:
 - Level 15.0 Fighting
 - Level 2.0 Short Blades
 - Level 3.0 Armour
 + Level 19.4 Dodging
 - Level 5.0 Stealth
 - Level 15.0 Spellcasting
 - Level 17.0 Conjurations
 - Level 5.0 Hexes
 - Level 5.0 Summonings
 - Level 3.0 Translocations
 - Level 5.0 Transmutations
 - Level 5.0 Fire Magic
 - Level 20.0 Air Magic
 + Level 12.8 Evocations


You had 4 spell levels left.
You knew the following spells:

 Your Spells              Type           Power      Damage    Failure   Level
a - Orb of Destruction    Conj           61%        9d17      1%          7
b - Static Discharge      Conj/Air       100%       N/A       0%          2
c - Airstrike             Air            53%        N/A       0%          4
d - Yara's Violent Unrav  Hex/Tmut       29%        3d12      1%          5
e - Irradiate             Conj/Tmut      51%        3d31      1%          5
f - Inner Flame           Hex/Fire       58%        N/A       1%          3
g - Conjure Ball Lightni  Conj/Air       63%        3x3d23    1%          6
h - Spellforged Servitor  Conj/Summ      51%        N/A       3%          7
i - Blink                 Tloc           96%        N/A       1%          2
p - Passwall              Tmut/Erth      37%        N/A       1%          2
s - Swiftness             Air            100%       N/A       0%          3

Your spell library contained the following spells:

 Spells                   Type           Power      Damage    Failure   Level
 Maxwell's Capacitive Co  Air            53%        ∞         1%          8
 Polar Vortex             Ice            13%        N/A       100%        9
 Shatter                  Erth           13%        3d14*     100%        9
 Foxfire                  Conj/Fire      100%       2x1d9     0%          1
 Magic Dart               Conj           100%       1d8       0%          1
 Shock                    Conj/Air       100%       1d9       0%          1
 Searing Ray              Conj           100%       2d8       0%          2
 Animate Skeleton         Necr           54%        N/A       1%          1
 Beastly Appendage        Tmut           100%       N/A       1%          1
 Pain                     Necr           100%       1d9       1%          1
 Sandblast                Erth           54%        2d13      1%          1
 Slow                     Hex            100%       N/A       1%          1
 Call Imp                 Summ           58%        N/A       1%          2
 Corpse Rot               Necr/Air       100%       N/A       1%          2
 Ensorcelled Hibernation  Hex/Ice        90%        N/A       1%          2
 Poisonous Vapours        Pois/Air       100%       N/A       1%          2
 Scorch                   Fire           100%       2d10      1%          2
 Wereblood                Tmut           58%        N/A       1%          2
 Call Canine Familiar     Summ           58%        N/A       1%          3
 Confusing Touch          Hex            58%        N/A       1%          3
 Conjure Flame            Conj/Fire      100%       6-21      1%          3
 Gell's Gravitas          Tloc           48%        N/A       1%          3
 Ignite Poison            Fire/Tmut/Pois 50%        N/A       1%          3
 Mephitic Cloud           Conj/Pois/Air  100%       N/A       1%          3
 Portal Projectile        Hex/Tloc       100%       N/A       1%          3
 Spider Form              Tmut/Pois      45%        N/A       1%          3
 Stone Arrow              Conj/Erth      100%       3d13      1%          3
 Teleport Other           Tloc           48%        N/A       1%          3
 Tukima's Dance           Hex            58%        N/A       1%          3
 Flame Wave               Conj/Fire      100%       2d14      1%          4
 Fulminant Prism          Conj/Hex       51%        3d23      1%          4
 Hailstorm                Conj/Ice       93%        3d18      1%          4
 Iskenderun's Mystic Bla  Conj/Tloc      99%        2d19      1%          4
 Sticky Flame             Conj/Fire      100%       2d11      1%          4
 Summon Lightning Spire   Summ/Air       87%        N/A       1%          4
 Ozocubu's Armour         Ice            27%        N/A       4%          3
 Vampiric Draining        Necr           27%        2d7       4%          3
 Animate Armour           Summ/Erth      90%        N/A       4%          4
 Ice Form                 Ice/Tmut       45%        N/A       4%          4
 Leda's Liquefaction      Hex/Erth       22%        N/A       4%          4
 Passage of Golubria      Tloc           48%        N/A       4%          4
 Petrify                  Tmut/Erth      45%        N/A       4%          4
 Animate Dead             Necr           13%        N/A       14%         4
 Summon Mana Viper        Hex/Summ       58%        N/A       4%          5
 Storm Form               Tmut/Air       43%        N/A       7%          7
 Summon Forest            Summ/Tloc      27%        N/A       8%          5
 Lee's Rapid Deconstruct  Erth           13%        3d10*     11%         5
 Manifold Assault         Tloc           48%        N/A       11%         5
 Metabolic Englaciation   Hex/Ice        22%        N/A       14%         5
 Summon Cactus Giant      Summ           29%        N/A       26%         6
 Dispersal                Tloc           24%        N/A       52%         6
 Lehudib's Crystal Spear  Conj/Erth      46%        10d11     54%         8
 Statue Form              Tmut/Erth      30%        N/A       58%         6
 Enfeeble                 Hex            29%        N/A       83%         7
 Simulacrum               Ice/Necr       13%        N/A       91%         6
 Haunt                    Necr/Summ      22%        N/A       99%         7
 Discord                  Hex            29%        N/A       100%        8
 Disjunction              Tloc           24%        N/A       100%        8
 Infestation              Necr           13%        N/A       100%        8


Dungeon Overview and Level Annotations

Branches:
Dungeon (15/15)            Temple (0/1) D:7            Lair (6/6) D:10
  Swamp (4/4) Lair:2       Spider (4/4) Lair:4        Slime (0/5) Lair:6
    Orc (2/2) D:10            Elf (3/3) Orc:2        Vaults (3/5) D:14
  Crypt (0/3) Vaults:3     Depths (0/4) D:15        Ossuary (visited)
Gauntlet (visited)

Altars:
Cheibriados
Dithmenos
Gozag
Kikubaaqudgha
Makhleb
Okawaru
Sif Muna
Vehumet
Wu Jian
Xom
Zin

Shops:
D:3 (   D:5 [   D:10 !   D:12 =   D:14 *   Orc:1 =   Orc:2 [[*(

Annotations:
D:2 Terence
D:6 Maggie
D:11 1 exclusion, Erolcha
D:13 exclusion: 2 meliai
Lair:1 exclusion: black bear, Erica
Lair:4 exclusion: boulder beetle
Lair:6 2 runed translucent doors, dolemite99's ghost, journeyman HOFi
Swamp:3 exclusions: downstairs and upstairs
Spider:2 exclusion: 2 meliai
Elf:2 5 runed translucent doors


Innate Abilities, Weirdness & Mutations

You have a beak for a mouth.
You have claws for feet.
Your magical nature lets you fly swiftly and evasively.


Message History

The deep troll shouts!
You hear a shout! x4
The deep troll moves out of view.
An ironbound preserver and 3 deep trolls come into view.
The deep troll shouts!
The deep troll bites you!!
* * * LOW HITPOINT WARNING * * *
The deep troll misses you. The deep troll completely misses you.
There is an open door, spattered with blood here.
You reach down and open the door.
The ironbound preserver mumbles some strange words.
The ironbound preserver begins to accept its allies' injuries.
There is an open door here.
Casting: Blink (safe; 1% risk of failure)
Confirm with . or Enter, or press ? or * to list all spells.
You blink.
The deep troll barely misses you. x2
The deep troll completely misses you. The ironbound preserver misses you.
The ironbound preserver completely misses you.
The deep troll completely misses you. The deep troll barely misses you. x2
You reach down and open the door.
An ironbound frostheart comes into view.
The deep troll completely misses you. The deep troll barely misses you.
The deep troll completely misses you.
There is an open door here.
The ironbound frostheart shouts!
The ironbound preserver mumbles some strange words.
The ironbound preserver begins to accept its allies' injuries.
The ironbound frostheart calls freezing cold from the walls.
The frost grips you!! You partially resist.
* * * LOW HITPOINT WARNING * * *
You are encased in ice.
The ice encasing you melts away.
You reach down and open the door.
A vault sentinel comes into view.
It is wielding a +2 falchion of holy wrath.
The deep troll barely misses you. The deep troll misses you.
The deep troll barely misses you.
The vault sentinel shouts!
The ironbound frostheart calls freezing cold from the walls.
The frost grips you!! You partially resist.
You die...

*,,,*,,,***** *,,,
#...#,*,* *,,,
#...#,,,* *,,,
#.#p#**** *,,, #...#
*,,, #...# *,,, #...#
#####** #...# #...#
#####@#### #...#
#....T...# #...#
#....Tp..# #...#
#........# #..T##
#......p.#######T..'##
#.......T#.........#..
#........'T.p......#..
#........#.........#..
###############'####p.


You could see an ironbound preserver, an ironbound frostheart (sheltered), 3
deep trolls and a vault sentinel.

Vanquished Creatures
  Rupert (Orc:2)
  Asterion (Elf:1)
  A deep elf blademaster (Elf:3)
  2 deep elf master archers (Elf:3)
  Kirke (Spider:4)
  A sphinx (Vaults:2)
  Frances (D:14)
  A thorn hunter (Swamp:1)
  Agnes (D:14)
  A fire giant (Vaults:2)
  An orc warlord (Vaults:3)
  7 deep elf sorcerers
  5 vault wardens
  Aizul (Vaults:1)
  4 emperor scorpions (Spider:4)
  5 ghost moths
  6 deep elf elementalists
  A very ugly thing (Vaults:2)
  A broodmother (Spider:4)
  5 ironbound preservers
  7 ironbound thunderhulks
  4 war gargoyles
  3 eleionomae
  7 deep elf annihilators (Elf:3)
  9 dire elephants
  5 deep elf demonologists (Elf:3)
  5 entropy weavers
  2 bunyips
  2 spark wasps
  An eidolon (Vaults:3)
  A minotaur (Gauntlet)
  Snorg (D:10)
  2 deep elf death magi (Elf:3)
  An ettin (Orc:2)
  3 crystal guardians (Vaults:1)
  Josephine (D:10)
  A shambling mangrove (Swamp:2)
  Fannar (D:10)
  7 deep elf high priests (Elf:3)
  12 hydras
  9 vault guards
  A great orb of eyes (Vaults:1)
  3 yaktaur captains
  A salamander tyrant (Elf:2)
  3 peacekeepers (Vaults:1)
  Harold (D:8)
  6 centaur warriors
  4 boulder beetles
  4 ogre magi
  A radroach (Spider:4)
  3 catoblepae
  6 ironbound frosthearts
  2 ghost crabs
  10 alligators
  12 dancing weapons
  6 death yaks (Lair:6)
  A death knight (D:14)
  14 two-headed ogres
  Urug (Lair:1)
  8 pharaoh ants
  Sonja (Lair:2)
  2 orc high priests
  A wretched star (Gauntlet)
  A fire crab (shapeshifter) (Elf:3)
  10 deep elf knights
  A sun moth (Spider:3)
  3 steelbarb worms
  5 goliath frogs
  3 spriggan druids
  An orb spider (shapeshifter) (Vaults:2)
  A phantasmal warrior (D:14)
  13 deep elf archers
  20 deep trolls
  7 orb spiders
  9 ironbound convokers
  6 wizards
  A swamp dragon (Swamp:3)
  5 bog bodies
  31 deep elf pyromancers
  27 deep elf zephyrmancers
  5 orc knights
  14 lindwurms
  3 will-o-the-wisps
  23 wolf spiders
  41 ugly things
  A nameless horror (Spider:1)
  5 orc sorcerers
  7 cyclopes
  A salamander (D:15)
  6 manticores
  A moth of wrath (Spider:1)
  26 elephants
  6 black mambas
  13 vault sentinels
  5 torpor snails
  14 cane toads
  2 gargoyles
  2 unseen horrors
  6 rime drakes
  21 yaktaurs
  A freezing wraith (D:14)
  12 demonic crawlers
  11 komodo dragons
  An efreet (D:13)
  A tengu conjurer (D:15)
  A merfolk (D:15)
  A bloated husk (Swamp:1)
  11 polar bears
  2 tyrant leeches (Swamp:1)
  9 trolls
  15 meliai
  19 tarantellas
  Grinder (D:6)
  2 raiju (Lair:6)
  10 hornets
  4 blink frogs
  11 dream sheep
  31 slime creatures
  A jumping spider (shapeshifter) (D:13)
  20 jumping spiders
  4 spriggans (Swamp:1)
  2 air elementals (Elf:2)
  21 culicivoras
  9 wyverns
  Sigmund (D:6)
  A vampire (D:12)
  9 wraiths
  3 shadows
  3 fire elementals (Elf:2)
  5 hogs (Spider:4)
  51 yaks
  A steam dragon (Lair:2)
  Grum (Lair:1)
  37 redbacks
  4 basilisks
  9 vampire mosquitoes
  5 swamp worms
  4 wargs (Lair:6)
  10 water moccasins
  3 acid dragons
  15 hell hounds (Lair:6)
  14 black bears
  2 sky beasts
  2 swamp drakes
  16 orc warriors
  An ice beast (D:6)
  9 boggarts
  21 ogres
  6 centaurs
  23 wolves
  Blork the orc (D:6)
  An elf zombie (Ossuary)
  A kobold brigand (D:7)
  18 bullfrogs
  2 earth elementals
  A wyvern zombie (D:8)
  A scorpion (D:6)
  A water moccasin zombie (D:7)
  A water moccasin skeleton (D:4)
  6 howler monkeys
  9 electric eels
  A bullfrog zombie (D:5)
  A gnoll shaman (D:6)
  8 centaur zombies
  4 hounds
  A bullfrog skeleton (D:6)
  2 jellies
  10 orc priests
  An iguana (D:4)
  15 orc wizards
  A scorpion zombie (D:5)
  A killer bee zombie (D:5)
  A small abomination (Gauntlet)
  2 mummies (Ossuary)
  A howler monkey zombie (D:11)
  4 adders
  17 gnolls
  2 white imps
  4 ufetubi
  3 adder zombies (Ossuary)
  84 orcs
  5 ball pythons
  10 endoplasms
  3 giant cockroaches
  5 hobgoblins
  7 jackals
  9 kobolds
  3 quokkas
  2 bats (D:2)
  2 frilled lizards (D:2)
  11 goblins
  A goblin zombie (Ossuary)
  13 hobgoblin zombies (Ossuary)
  8 kobold zombies
  9 orc zombies (Ossuary)
  8 rats
  2 rat zombies (Ossuary)
  4 ball lightnings
  A bush (Lair:5)
1332 creatures vanquished.

Vanquished Creatures (collateral kills)
  17 ball lightnings
17 creatures vanquished.

Vanquished Creatures (others)
  2 air elementals (Elf:2)
  2 water elementals (Elf:2)
  389 ball lightnings
  2 briar patches (Swamp:3)
  A bush (Lair:1)
  14 demonic plants (Gauntlet)
  33 fungi
  100 plants
543 creatures vanquished.

Grand Total: 1892 creatures vanquished

Notes
Turn   | Place    | Note
-------+----------+-------------------------------------------
     0 | D:1      | shoop the Tengu Air Elementalist began the quest for the
                  | Orb.
     0 | D:1      | Reached XP level 1. HP: 10/10 MP: 4/4
   249 | D:1      | Reached XP level 2. HP: 15/15 MP: 1/6
   317 | D:1      | Learned a level 2 spell: Static Discharge
   976 | D:1      | Reached skill level 5 in Air Magic
   976 | D:1      | Reached XP level 3. HP: 19/19 MP: 3/7
  1734 | D:2      | Noticed Terence
  1735 | D:2      | Found a radiant altar of Vehumet.
  1752 | D:2      | Became a worshipper of Vehumet
  2132 | D:2      | Reached skill level 6 in Air Magic
  2132 | D:2      | Reached XP level 4. HP: 24/24 MP: 5/8
  2136 | D:2      | Learned a level 3 spell: Swiftness
  2522 | D:3      | Found Echaul's Weapon Boutique.
  2641 | D:3      | Noticed an ogre
  2912 | D:3      | Noticed an ogre
  3023 | D:3      | Reached * piety under Vehumet
  3023 | D:3      | Offered knowledge of Sandblast by Vehumet.
  3218 | D:3      | Reached skill level 1 in Short Blades
  3218 | D:3      | Gained mutation: Your magical nature lets you fly swiftly
                  | and evasively. [Tengu growth]
  3218 | D:3      | Reached XP level 5. HP: 28/28 MP: 2/9
  3498 | D:2      | Reached skill level 1 in Fighting
  3914 | D:3      | Killed an ogre
  3915 | D:3      | Reached XP level 6. HP: 35/35 MP: 7/11
  3983 | D:3      | Found a radiant altar of Vehumet.
  3991 | D:3      | Found an ancient bone altar of Kikubaaqudgha.
  3993 | D:3      | Found a shimmering blue altar of Sif Muna.
  4000 | D:3      | Got Kikubaaqudgha's Reference Book on Stolen Souls
  4205 | D:3      | Reached skill level 7 in Air Magic
  4457 | D:3      | Learned a level 4 spell: Airstrike
  4511 | D:4      | Offered knowledge of Freeze by Vehumet.
  4615 | D:4      | Reached XP level 7. HP: 40/40 MP: 9/13
  4652 | D:4      | Reached ** piety under Vehumet
  5088 | D:4      | Reached skill level 8 in Air Magic
  5446 | D:5      | Entered Level 5 of the Dungeon
  5469 | D:5      | Found a sand-covered staircase.
  5514 | D:5      | Found Joun's Antique Armour Emporium.
  5808 | Ossuary  | Entered an ossuary
  5861 | Ossuary  | Offered knowledge of Poisonous Vapours by Vehumet.
  6079 | Ossuary  | Reached *** piety under Vehumet
  6157 | Ossuary  | Reached skill level 5 in Spellcasting
  6293 | Ossuary  | Offered knowledge of Sticky Flame by Vehumet.
  6326 | Ossuary  | Reached skill level 9 in Air Magic
  6326 | Ossuary  | Reached XP level 8. HP: 38/44 MP: 16/16
  6951 | D:6      | Noticed Blork the orc
  6954 | D:6      | Killed Blork the orc
  7025 | D:6      | Reached **** piety under Vehumet
  7445 | D:6      | Offered knowledge of Yara's Violent Unravelling by Vehumet.
  7452 | D:6      | Learned a level 5 spell: Yara's Violent Unravelling
  7516 | D:6      | Noticed Maggie
  7847 | D:6      | Noticed Grinder
  7956 | D:6      | Noticed Sigmund
  8336 | D:7      | Reached skill level 1 in Evocations
  8336 | D:7      | Reached XP level 9. HP: 47/52 MP: 7/17
  8399 | D:7      | Noticed a red ugly thing
  8447 | D:6      | Killed Sigmund
  8498 | D:6      | Found a snail-covered altar of Cheibriados.
  8504 | D:6      | Found a burning altar of Makhleb.
  8505 | D:6      | Found a shimmering altar of Xom.
  8506 | D:6      | Found an ornate altar of the Wu Jian Council.
  8506 | D:6      | Found a glowing silver altar of Zin.
  8601 | D:7      | Noticed a seven-headed hydra
  8642 | D:6      | Killed Grinder
  8643 | D:6      | Reached skill level 10 in Air Magic
  8827 | D:7      | Found an iron altar of Okawaru.
  9263 | D:7      | Found a staircase to the Ecumenical Temple.
  9387 | D:7      | Killed a red ugly thing
 10078 | D:8      | Noticed Harold
 10587 | D:8      | Reached skill level 5 in Dodging
 10587 | D:8      | Reached skill level 1 in Armour
 10648 | D:8      | Reached XP level 10. HP: 56/56 MP: 13/23
 10729 | D:8      | Identified the +1 robe "Fuinn" {*Slow Will+ MP+9 Slay+6}
 11199 | D:8      | Killed Harold
 11339 | D:9      | Identified the +1 helmet of Resilience {rPois Will++ Str+3
                  | Dex+4}
 11418 | D:9      | Noticed a two-headed ogre
 11421 | D:9      | Killed a two-headed ogre
 11481 | D:9      | Identified the +9 quarterstaff of the Freezing Seeker
                  | {holy, Int+4 Dex+3}
 12149 | D:10     | Entered Level 10 of the Dungeon
 12206 | D:10     | Noticed a two-headed ogre
 12276 | D:10     | Reached ***** piety under Vehumet
 12276 | D:10     | Offered knowledge of Irradiate by Vehumet.
 12393 | D:10     | Found Jumiogem's Distillery.
 12493 | D:10     | Killed a two-headed ogre
 12494 | D:10     | Reached XP level 11. HP: 61/61 MP: 11/24
 12601 | D:10     | Found a staircase to the Orcish Mines.
 12623 | D:10     | Noticed Snorg
 12669 | D:10     | Reached skill level 10 in Dodging
 12688 | D:10     | Reached skill level 11 in Air Magic
 13027 | D:10     | Noticed Josephine
 13131 | D:10     | Noticed Fannar
 13474 | D:10     | Bought a potion of heal wounds for 70 gold pieces
 13474 | D:10     | Bought a potion of curing for 42 gold pieces
 13628 | D:7      | Killed a seven-headed hydra
 13882 | D:10     | Killed Fannar
 14249 | D:11     | Noticed Erolcha
 14329 | D:11     | Noticed a brown ugly thing
 14347 | D:10     | Learned a level 5 spell: Irradiate
 14378 | D:11     | Noticed a manticore
 14400 | D:11     | Killed a manticore
 14401 | D:11     | Reached skill level 12 in Air Magic
 14766 | D:11     | Reached skill level 10 in Spellcasting
 14798 | D:11     | Found an opulent altar of Gozag.
 14798 | D:11     | Noticed a two-headed ogre
 14916 | D:11     | Killed a two-headed ogre
 14917 | D:11     | Reached skill level 5 in Fighting
 15016 | D:11     | Identified the amulet "Zaoss" {Spirit Harm rElec Will+
                  | Dex-2}
 15370 | Orc:1    | Entered Level 1 of the Orcish Mines
 15566 | Orc:1    | Noticed an orc knight
 15567 | Orc:1    | Noticed an orc sorcerer
 15571 | Orc:1    | Killed an orc sorcerer
 15771 | D:11     | Killed a brown ugly thing
 15914 | D:11     | Reached XP level 12. HP: 72/72 MP: 26/27
 16254 | D:12     | Noticed a two-headed ogre
 16257 | D:12     | Killed a two-headed ogre
 16526 | D:12     | Found Redwonau's Jewellery Boutique.
 17012 | D:12     | Reached skill level 13 in Air Magic
 17217 | D:13     | Noticed a two-headed ogre
 17549 | D:13     | Noticed a boulder beetle
 17847 | D:13     | Noticed a four-headed hydra
 17978 | D:13     | Killed a four-headed hydra
 17979 | D:13     | Reached skill level 5 in Conjurations
 17982 | D:13     | Killed a two-headed ogre
 18771 | D:13     | Reached skill level 14 in Air Magic
 19474 | D:10     | Killed Josephine
 19543 | D:10     | Reached XP level 13. HP: 78/78 MP: 29/29
 19570 | D:10     | Found a staircase to the Lair.
 19577 | Lair:1   | Entered Level 1 of the Lair of Beasts
 19754 | Lair:1   | Noticed Grum
 19780 | Lair:1   | Killed Grum
 20155 | Lair:1   | Noticed Erica
 20174 | Lair:1   | Noticed Urug
 20459 | Lair:1   | Identified the +5 chain mail "Irohyekk" {rPois Int+7 Dex-3}
 20601 | Lair:1   | Killed Urug
 20662 | Lair:1   | Identified the +7 scythe "Dugeoc" {freeze, Fragile rPois
                  | Will+}
 21109 | Lair:2   | Reached skill level 15 in Air Magic
 21295 | Lair:2   | Reached skill level 1 in Transmutations
 21604 | Lair:2   | Noticed Sonja
 21606 | Lair:2   | Killed Sonja
 21858 | Lair:2   | Found a staircase to the Swamp.
 22066 | Lair:3   | Reached skill level 5 in Transmutations
 22413 | Lair:3   | Got Sexofoit's Almanac of the Freezing Arsonist
 22473 | Lair:3   | Learned a level 3 spell: Inner Flame
 22657 | Lair:3   | Offered knowledge of Starburst by Vehumet.
 22658 | Lair:3   | Reached skill level 1 in Fire Magic
 22664 | Lair:3   | Reached skill level 1 in Hexes
 22841 | Lair:3   | Reached XP level 14. HP: 84/84 MP: 20/31
 23550 | Lair:3   | Learned a level 2 spell: Passwall
 23789 | Lair:4   | Found a hole to the Spider Nest.
 23851 | Lair:4   | Reached skill level 5 in Fire Magic
 25426 | Lair:5   | Reached skill level 5 in Hexes
 25903 | Lair:5   | Identified a scroll of acquirement
 27023 | Lair:6   | Entered Level 6 of the Lair of Beasts
 27144 | Lair:6   | Reached skill level 10 in Fighting
 27445 | Lair:6   | Found a large runed translucent door.
 27445 | Lair:6   | Found a large runed translucent door.
 27446 | Lair:6   | Noticed dolemite99's ghost (journeyman HOFi)
 27635 | Lair:6   | Reached skill level 5 in Evocations
 27868 | Lair:6   | Offered knowledge of Conjure Ball Lightning by Vehumet.
 27888 | Lair:6   | Learned a level 6 spell: Conjure Ball Lightning
 28190 | Lair:6   | Found a staircase to the Slime Pits.
 28900 | Lair:6   | Reached XP level 15. HP: 54/92 MP: 22/32
 29973 | Lair:6   | Offered knowledge of Spellforged Servitor by Vehumet.
 31344 | Orc:1    | Found Uwulil's Jewellery Shoppe.
 31555 | Orc:2    | Entered Level 2 of the Orcish Mines
 31852 | Orc:2    | Learned a level 7 spell: Spellforged Servitor
 32211 | Orc:2    | Offered knowledge of Lightning Bolt by Vehumet.
 32682 | Orc:2    | Noticed Rupert
 33000 | Orc:2    | Found Zehuolos's Antique Armour Emporium.
 33004 | Orc:2    | Found Zuzid's Armour Emporium.
 33005 | Orc:2    | Found Vigum's Assorted Antiques.
 33015 | Orc:2    | Found Toinlab's Antique Weapon Shoppe.
 33088 | Orc:2    | Killed Rupert
 33373 | Orc:2    | Found a staircase to the Elven Halls.
 33686 | D:10     | Bought a potion of ambrosia for 112 gold pieces
 33686 | D:10     | Bought a potion of berserk rage for 70 gold pieces
 33686 | D:10     | Bought a potion of haste for 140 gold pieces
 33686 | D:10     | Bought a potion of mutation for 112 gold pieces
 33776 | D:5      | Bought a glowing orb for 300 gold pieces
 33952 | Elf:1    | Entered Level 1 of the Elven Halls
 33972 | Elf:1    | Reached skill level 15 in Spellcasting
 33972 | Elf:1    | Reached XP level 16. HP: 80/97 MP: 7/36
 34663 | Elf:1    | Noticed Asterion
 34889 | Swamp:1  | Entered Level 1 of the Swamp
 34899 | Lair:2   | Reached skill level 1 in Summonings
 34974 | Swamp:1  | Noticed a thorn hunter
 35066 | Swamp:1  | Killed a thorn hunter
 35613 | Swamp:2  | Reached skill level 5 in Summonings
 36622 | Swamp:4  | Entered Level 4 of the Swamp
 36646 | Swamp:3  | Offered knowledge of Fireball by Vehumet.
 36899 | Swamp:3  | Noticed a tentacled monstrosity
 36993 | Swamp:3  | Reached skill level 10 in Conjurations
 37215 | Swamp:3  | Noticed a thorn hunter
 37343 | Swamp:3  | Noticed a tentacled monstrosity
 37412 | Lair:2   | Learned a level 2 spell: Blink
 37901 | Spider:1 | Entered Level 1 of the Spider Nest
 38064 | Spider:1 | Reached skill level 1 in Translocations
 38172 | Spider:1 | Identified the +9 mace of the Desert {protect, rC++ Dex+2}
 38184 | Spider:1 | Reached skill level 10 in Evocations
 38838 | Spider:1 | You are sucked into a shaft and drop 1 floor!
 39123 | Spider:1 | Reached XP level 17. HP: 102/102 MP: 37/37
 40359 | Spider:3 | Offered knowledge of Orb of Destruction by Vehumet.
 40423 | Spider:3 | Learned a level 7 spell: Orb of Destruction
 41024 | Spider:3 | Reached skill level 16 in Air Magic
 41883 | Spider:4 | Entered Level 4 of the Spider Nest
 44061 | Spider:4 | Reached skill level 17 in Air Magic
 44312 | Spider:4 | Noticed Kirke
 44326 | Spider:4 | Killed Kirke
 45562 | Spider:4 | Reached ****** piety under Vehumet
 45948 | Spider:4 | Reached skill level 18 in Air Magic
 46207 | Spider:4 | Reached XP level 18. HP: 41/107 MP: 13/38
 46819 | Spider:4 | Reached skill level 15 in Conjurations
 47279 | Spider:4 | Got a gossamer rune of Zot
 47860 | D:10     | Killed Snorg
 48058 | D:14     | Found Yxtacw's Assorted Antiques.
 48251 | D:14     | Found a gate leading to a gauntlet.
 48283 | Gauntlet | Entered a Gauntlet
 48283 | Gauntlet | Found a transporter.
 48283 | Gauntlet | Found a transporter.
 48292 | Gauntlet | Found a transporter.
 48378 | Gauntlet | Found a transporter.
 48393 | Gauntlet | Found a transporter.
 48403 | Gauntlet | Found a transporter.
 48418 | Gauntlet | Found a transporter.
 48424 | Gauntlet | Found a transporter.
 48450 | Gauntlet | Found a transporter.
 48475 | Gauntlet | Found a transporter.
 48475 | Gauntlet | Found a transporter.
 48492 | Gauntlet | Found a transporter.
 48610 | Gauntlet | Identified the ring of Cacad {Fly Int+3}
 48670 | Gauntlet | Offered knowledge of Shatter by Vehumet.
 48670 | Gauntlet | Offered knowledge of Polar Vortex by Vehumet.
 48670 | Gauntlet | Offered knowledge of Maxwell's Capacitive Coupling by
                  | Vehumet.
 48671 | Gauntlet | Reached skill level 19 in Air Magic
 48699 | Gauntlet | Identified the +2 hat of the Pure Demons {rC+ Str+3 Int+4}
 48817 | D:14     | Found a gate to the Vaults.
 48817 | D:14     | Noticed Frances
 48826 | D:14     | Killed Frances
 49612 | D:14     | Noticed Agnes
 49615 | D:14     | Killed Agnes
 50253 | D:15     | Entered Level 15 of the Dungeon
 50504 | D:15     | Found a shadowy altar of Dithmenos.
 50588 | D:15     | Found a staircase to the Depths.
 51396 | D:15     | Reached skill level 20 in Air Magic
 52589 | Elf:1    | Killed Asterion
 52590 | Elf:1    | Reached skill level 5 in Stealth
 53812 | Elf:1    | Reached XP level 19. HP: 80/112 MP: 24/39
 54408 | Elf:2    | Reached skill level 15 in Dodging
 55954 | Elf:2    | Got the Disquisition on Fire
 55961 | Elf:2    | Got the Grimoire of the Mountains
 56239 | Elf:2    | Found a huge runed translucent gate.
 56239 | Elf:2    | Found a huge runed translucent gate.
 56241 | Elf:2    | Found a huge runed translucent gate.
 56242 | Elf:2    | Found a huge runed translucent gate.
 56244 | Elf:2    | Found a huge runed translucent gate.
 56401 | Elf:3    | Entered Level 3 of the Elven Halls
 58307 | Elf:3    | Identified the +2 leather armour of Beauty {Str+4 Slay+3
                  | Stlth-}
 59314 | Elf:3    | Identified the +12 hand axe of the Weasel {protect, rF-
                  | rCorr Int+4 Dex-4 SInv}
 59424 | Elf:3    | Reached XP level 20. HP: 128/128 MP: 40/40
 59443 | Elf:3    | Got Hach's Grimoire of Excruciating Lightness
 59843 | Vaults:1 | Entered Level 1 of the Vaults
 59916 | Vaults:1 | Reached skill level 15 in Fighting
 60418 | Vaults:1 | Noticed Aizul
 60423 | Vaults:1 | Killed Aizul
 62040 | Vaults:2 | Found a flickering gateway to a bazaar.
 62915 | Bazaar   | Entered a bazaar
 62915 | Bazaar   | Found Cuugh's Magic Scroll Shoppe.
 63114 | Bazaar   | Found Xep Geuvuef's Distillery.
 63124 | Bazaar   | Found Conieffi's Magic Scroll Shop.
 63160 | Bazaar   | Found Taujeta's Jewellery Boutique.
 63187 | Bazaar   | Bought a scroll of acquirement for 676 gold pieces
 63187 | Bazaar   | Bought a scroll of blinking for 97 gold pieces
 63195 | Bazaar   | Bought a potion of heal wounds for 60 gold pieces
 63203 | Bazaar   | Bought a scroll of blinking for 82 gold pieces
 63205 | Bazaar   | Bought a scroll of summoning for 104 gold pieces
 63213 | Bazaar   | Bought a potion of curing for 36 gold pieces
 63213 | Bazaar   | Bought a potion of curing for 36 gold pieces
 63213 | Bazaar   | Bought 2 potions of lignification for 72 gold pieces
 63213 | Bazaar   | Bought a potion of lignification for 36 gold pieces
 63213 | Bazaar   | Bought a potion of lignification for 36 gold pieces
 63221 | Bazaar   | Bought a scroll of fog for 26 gold pieces
 64464 | Vaults:2 | Reached XP level 21. HP: 90/134 MP: 39/41
 65154 | Vaults:3 | Killed from afar by an ironbound frostheart

Illustrated notes

Levels and vault maps discovered:
D:1:      dpeg_arrival_arbitrary_a, layout_loops_corners,
          corexii_leaking_fountain, hex_large
D:2:      layout_basic, basic_altar, minmay_increasing_density, uniq_terence
D:3:      layout_basic, grunt_temple_overflow_magic_moments, serial_shops, shop
D:4:      layout_loops_ring, serial_bayou_lagoon_b
D:5:      layout_basic, enter_ossuary_3, serial_shops, nicolae_diamond_shop,
          kennysheep_generic_room_13
D:6:      layout_loops_corners, minitemple, minivault_5, uniq_blork_the_orc,
          uniq_maggie, uniq_grinder, uniq_sigmund
D:7:      layout_gridville, mainiacjoe_overflow_paths,
          minmay_temple_entry_sparse_star, minmay_small_thing
D:8:      layout_basic, nicolae_wwwww, uniq_harold
D:9:      layout_rooms, minmay_orc_keep
D:10:     layout_loops_cross, lair_entry_dummy, hiddenorc1_lemuel, serial_shops,
          shop, uniq_snorg, uniq_fannar, uniq_josephine
D:11:     layout_loops_ring, nicolae_gozag_seed_capital, uniq_erolcha
D:12:     layout_roguey, serial_shops, shop
D:13:     layout_basic
D:14:     layout_loops_ring, erik_vaults_2, gauntlet_entry_generic,
          minmay_stone_trees_small, serial_shops, nicolae_diamond_shop,
          uniq_frances, uniq_agnes
D:15:     hangedman_depths_entry_try_elsewhere_first, layout_grid_maze,
          lemuel_crystal_altar
Lair:1:   layout_roguey, serial_bayou_shore_b, uniq_grum, uniq_erica, uniq_urug
Lair:2:   layout_long_grid, minmay_swamp_entry_eels, beast_lair_carwin_2,
          serial_bayou_shore_a, infiniplex_staircase_pool_2, uniq_sonja
Lair:3:   layout_cave_pods, minmay_lindwurm_lava
Lair:4:   layout_regular_city, spider_nest_entry_a, disabler_island
Lair:5:   layout_cave_pods
Lair:6:   hangedman_lair_caniforms_friends, layout_cave_pods,
          hangedman_lair_in_review, nicolae_slime_entry_slimehenge,
          ebering_ghost_disaster_area
Swamp:1:  layout_basic_swamp, nicolae_swamp_orc_logging_accident
Swamp:2:  layout_basic_swamp, evilmike_swamp_ruin_house_4, swamp_pool4
Swamp:3:  layout_basic_swamp, evilmike_swamp_ruin_house_6
Swamp:4:  swamp_basic_johnstein, layout_basic_swamp, swamp_pool3, uniq_roxanne
Spider:1: layout_spider_delve, nicolae_spider_checkerboard
Spider:2: layout_cave_pods, worms_lemuel, uniq_mlioglotl
Spider:3: layout_spider_delve
Spider:4: spider_rune_water, uniq_kirke
Orc:1:    layout_caves, serial_shops, shop
Orc:2:    st_orc_open, layout_caves, library_closet, uniq_rupert
Elf:1:    nicolae_elf_arrival_no_cutting_in_line, layout_loops_cross,
          serial_aquarium, aquarium_bridge_square [aquarium_subvault_bridge,
          aquarium_subvault_window, aquarium_subvault_window,
          aquarium_subvault_window], aquarium_window_1, aquarium_window_fake,
          aquarium_window_fake, aquarium_window_3, aquarium_view_2a,
          aquarium_view_2c, aquarium_balcony_1a, aquarium_pool_2,
          hangedman_elf_disciples, uniq_asterion
Elf:2:    elven_hall_of_blades_hangedman_alternative
          [nicolae_blade_entry_antechamber], layout_loops_corners,
          nicolae_elf_elemental_lessons
Elf:3:    minmay_elf_hall_not_hex, layout_geoelf_castle
Vaults:1: hangedman_vaults_slither, vaults_dpeg_encased_lava,
          ontoclasm_vaults_misaligned, ontoclasm_vaults_fault, vaults_room_pool,
          vaults_room_grid, vaults_mumra_hex, nicolae_vaults_little_squares_2,
          nicolae_vaults_little_squares_6, layout_vaults_chaotic_city,
          uniq_aizul
Vaults:2: vaults_room_door_hall, st_smaller_cells, v_rooms_5, vaults_mumra_lcd,
          nicolae_vaults_asterisk, vaults_mumra_hexcomb,
          nicolae_vaults_angled_halls, grunt_vaults_hallway_long,
          vaults_room_fours, ontoclasm_vaults_chip, v_misc_9, v_misc_8,
          ontoclasm_vaults_decontamination, v_misc_23, layout_vaults_omnicross,
          serial_shops, bzr_entry_islet
Vaults:3: portal_desolation_entry_twin_temple, grunt_vaults_hallway_short,
          hangedman_vaults_hat, v_rooms_2, ontoclasm_vaults_gallery,
          vaults_standard_mumra_lines, v_misc_22, hangedman_vaults_variations,
          hangedman_vaults_cutoff, hangedman_vaults_stitches, serial_ice_b,
          minmay_crypt_entry_simple_round, vaults_dpeg_ring,
          layout_vaults_maze_snakey, uniq_margery

Skill      XL: |  1  2  3  4  5  6  7  8  9 10 11 12 13 14 15 16 17 18 19 20 21 |
---------------+----------------------------------------------------------------+-----
Air Magic      | 5 6 7 9 10 12 14 15 18 20 | 20.0
Short Blades   | 1 2 |  2.0
Fighting       | 1 2 3 4 7 8 10 14 15 | 15.0
Conjurations   | 3 6 8 10 14 17 | 17.0
Spellcasting   | 3 5 8 10 11 12 15 | 15.0
Dodging        | 4 5 9 10 13 14 15 18 19 | 19.4
Stealth        | 4 5 |  5.0
Evocations     | 1 3 5 10 12 | 12.8
Armour         | 2 3 |  3.0
Transmutations | 5 |  5.0
Fire Magic     | 3 5 |  5.0
Hexes          | 2 5 |  5.0
Summonings     | 5 |  5.0
Translocations | 3 |  3.0

Action                   |  1- 3 |  4- 6 |  7- 9 | 10-12 | 13-15 | 16-18 | 19-21 || total
-------------------------+-------+-------+-------+-------+-------+-------+-------++-------
Melee: Unarmed           |     2 |       |       |       |       |       |       ||     2
       Kick              |     2 |       |     9 |    13 |    48 |     3 |     4 ||    79
       Short sword       |     2 |     2 |    19 |       |       |       |       ||    23
       Peck              |     1 |       |     8 |     9 |    17 |     1 |     4 ||    40
       Quarterstaff      |       |       |    20 |    29 |   100 |       |       ||   149
       Staff             |       |       |       |       |     1 |    11 |     7 ||    19
       Mace              |       |       |       |       |       |     1 |       ||     1
 Cast: Shock             |    58 |    96 |   278 |   160 |    59 |     2 |       ||   653
       Static Discharge  |       |     2 |    15 |    51 |    17 |    83 |     7 ||   175
       Swiftness         |       |     1 |       |     1 |     2 |     2 |       ||     6
       Airstrike         |       |       |    25 |   164 |   448 |   319 |    43 ||   999
       Inner Flame       |       |       |       |       |    47 |    10 |       ||    57
       Irradiate         |       |       |       |       |    10 |    29 |    14 ||    53
       Conjure Ball Ligh |       |       |       |       |    25 |    96 |    74 ||   195
       Orb of Destructio |       |       |       |       |       |    80 |   159 ||   239
       Blink             |       |       |       |       |       |     3 |     2 ||     5
       Passwall          |       |       |       |       |       |     1 |       ||     1
       Spellforged Servi |       |       |       |       |       |     1 |       ||     1
Evoke: Wand              |       |       |       |     2 |       |     2 |     1 ||     5
  Use: Scroll            |       |       |       |     1 |    14 |    10 |     2 ||    27
       Potion            |       |       |       |       |       |     3 |     3 ||     6
 Stab: Sleeping          |       |       |       |     1 |     2 |       |       ||     3
Armor: Robe              |     4 |       |     8 |    10 |    11 |    21 |     6 ||    60
Dodge: Dodged            |     7 |     6 |    75 |    95 |   129 |   175 |   122 ||   609
       Repelled          |       |       |       |       |       |     8 |     2 ||    10

Table legend: (Time is in decaauts)
 A = Elapsed time spent in this place.
 B = Non-inter-level travel time spent in this place.
 C = Inter-level travel time spent in this place.
 D = Time resting spent in this place.
 E = Time spent auto-exploring this place.
 F = Levels seen in this place.
 G = Mean time per level.
                   A        B        C        D        E       F      G
               +--------+--------+--------+--------+--------+-----+--------+
         Total |  62211 |  57602 |   4609 |   9756 |  37485 |  40 | 1555.3 |
       Dungeon |  22080 |  19835 |   2245 |   1562 |  14902 |  15 | 1472.0 |
          Lair |  11690 |  11038 |    652 |    838 |   8811 |   6 | 1948.3 |
         Swamp |   2699 |   2511 |    188 |   1412 |    631 |   4 |  674.8 |
   Spider Nest |   9174 |   8732 |    442 |   3019 |   4593 |   4 | 2293.5 |
  Orcish Mines |   2830 |   2597 |    233 |    704 |   1364 |   2 | 1415.0 |
   Elven Halls |   7722 |   7169 |    553 |   1822 |   3796 |   3 | 2574.0 |
        Vaults |   4698 |   4404 |    294 |    336 |   2630 |   3 | 1566.0 |
        Bazaar |    320 |    320 |      0 |      0 |    243 |   1 |  320.0 |
       Ossuary |    571 |    571 |      0 |     17 |    388 |   1 |  571.0 |
      Gauntlet |    422 |    422 |      0 |     46 |    123 |   1 |  422.0 |
               +--------+--------+--------+--------+--------+-----+--------+

Top non-repeatable levels by time:
Spider:4: 4131 daAuts
  Lair:6: 3590 daAuts
   Elf:1: 3311 daAuts
Spider:3: 3134 daAuts
   Elf:3: 2826 daAuts
Vaults:2: 2555 daAuts
    D:10: 2297 daAuts
   Orc:2: 2029 daAuts
    D:13: 1986 daAuts
Vaults:1: 1816 daAuts
  Lair:2: 1814 daAuts
  Lair:5: 1772 daAuts
  Lair:4: 1696 daAuts
  Lair:3: 1692 daAuts
Spider:1: 1675 daAuts
